 Dungeon Crawl Stone Soup version 0.29-a0-659-g28b9d68c38 (webtiles) character file.

Game seed: 16754722691485716332

3025 PentaManta the Archer (level 9, 0/41 HPs)
             Began as a Spriggan Hunter on June 22, 2022.
             Was an Initiate of Gozag.
             Shot with a sling bullet by Joseph (11 damage)
             ... on level 8 of the Dungeon.
             The game lasted 00:11:28 (7678 turns).

PentaManta the Archer (Spriggan Hunter)             Turns: 7678, Time: 00:11:29

Health: 0/41       AC:  6    Str: 13    XL:     9   Next: 55%
Magic:  0/10       EV: 25    Int: 10    God:    Gozag
Gold:   1297       SH:  0    Dex: 23    Spells: 8/8 levels left

rFire   + . .      SeeInvis +   a - +1 shortbow (flame)
rCold   . . .      Faith    .   (shield currently unavailable)
rNeg    . . .      Spirit   +   x - +0 steam dragon scales
rPois   .          Reflect  .   (helmet restricted)
rElec   .          Harm     .   I - +0 cloak
rCorr   .          Rampage  .   (gloves unavailable)
Will    +....                   (boots unavailable)
Stlth   ++........              E - amulet of guardian spirit
HPRegen 0.13/turn               q - +6 ring of strength
MPRegen 0.12/turn               i - ring of protection from fire

@: very quick
A: very small, no large weapons, unfitting armour, see invisible, speed 3
a: Renounce Religion, Potion Petition, Call Merchant, Bribe Branch


You were on level 8 of the Dungeon.
You worshipped Gozag.
Gozag was most pleased with you.
You visited 2 branches of the dungeon, and saw 10 of its levels.
You also visited: Bailey.

You collected 1380 gold pieces.
You paid 83 gold pieces to Gozag.

Inventory:

Hand Weapons
 a - a +1 shortbow of flaming (weapon)
 k - a +2 whip of electrocution
 u - the +3 spear of Discomfort {antimagic, Fly rF+ Int+4}
   (You found it on level 3 of the Dungeon)

   It reduces the magical energy of the wielder, and disrupts the spells and
   magical abilities of those it strikes.
   Natural abilities and divine invocations are not affected.
   Int:       It affects your intelligence (+4).
   rF:        It protects you from fire.
   Fly:       It grants you flight.
 D - a +1 dagger of venom
Missiles
 v - a throwing net
 C - 2 poisoned darts
Armour
 b - a +0 robe
 x - +0 steam dragon scales (worn)
 I - a +0 cloak (worn)
Jewellery
 d - an amulet of the acrobat
 f - a ring of flight
 i - a ring of protection from fire (right hand)
 q - a +6 ring of strength (left hand)
 E - an amulet of guardian spirit (around neck)
Wands
 h - a wand of polymorph (5)
 F - a wand of quicksilver (4)
Scrolls
 c - 2 scrolls of immolation
 j - 3 scrolls of amnesia
 l - 8 scrolls of teleportation
 s - a scroll of summoning
 w - a scroll of fear
 y - a scroll of noise {unknown}
 H - a scroll of enchant weapon {unknown}
 J - a scroll of identify
Potions
 e - 3 potions of flight
 g - a potion of invisibility
 m - a potion of mutation
 n - 4 potions of curing
 o - a potion of lignification {unknown}
 p - 2 potions of haste {unknown}
 r - 2 potions of brilliance {unknown}
 t - a potion of attraction {unknown}
 z - 3 potions of might {unknown}
 A - 3 potions of heal wounds {unknown}
 B - a potion of magic {unknown}
 G - a potion of ambrosia {unknown}


   Skills:
 - Level 1.5 Fighting
 * Level 14.5 Bows
 + Level 8.8 Dodging
 - Level 1.5 Stealth


You had 8 spell levels left.
You didn't know any spells.
Your spell library contained the following spells:

 Spells                   Type           Power      Damage    Failure   Level
 Apportation              Tloc           0%         N/A       36%         1
 Necrotize                Necr           0%         1d4       36%         1
 Summon Small Mammal      Summ           0%         N/A       36%         1
 Ensorcelled Hibernation  Hex/Ice        0%         N/A       50%         2
 Passwall                 Tmut/Erth      0%         N/A       50%         2
 Gell's Gravitas          Tloc           0%         N/A       75%         3
 Inner Flame              Hex/Fire       0%         N/A       75%         3
 Lesser Beckoning         Tloc           0%         N/A       75%         3
 Swiftness                Air            0%         N/A       75%         3
 Teleport Other           Tloc           0%         N/A       75%         3
 Cause Fear               Hex            0%         N/A       98%         4
 Discord                  Hex            0%         N/A       100%        8


Dungeon Overview and Level Annotations

Branches:
Dungeon (9/15)             Temple (1/1) D:4          Bailey (visited)
   Lair: D:8-11         Orc: D:9-12

Altars:
Ashenzari
Cheibriados
Elyvilon
Fedhas
Gozag
Hepliaklqana
Kikubaaqudgha
Makhleb
Nemelex Xobeh
Qazlal
Ru
Sif Muna
Trog
Uskayaw
Vehumet
Wu Jian
Xom
Yredelemnul
Zin

Shops:
D:7 :

Annotations:
D:3 1 transporter
D:8 Joseph


Innate Abilities, Weirdness & Mutations

You are very small and have problems with some larger weapons.
You are too small for most types of armour.
You have supernaturally acute eyesight. (SInv)
You cover ground extremely quickly. (Speed+++)


Message History

The orc warrior barely misses you.
Aiming: Quicksilver Bolt
Press: ? - help, Shift-Dir - straight line, f/p - orc warrior
Aim: an orc warrior, wielding a +0 hand axe and wearing a +0 plate armour (almost dead, 71% to hit)
The bolt of dispelling energy hits the orc warrior!
You kill the orc warrior!
The bolt of dispelling energy hits the necrophage!
The necrophage is almost destroyed.
Shoot: a) +1 shortbow (flame)
Press: ? - help, Q - select action, (/) - cycle Shift-Dir - straight line, f - necrophage
Aim: a necrophage (almost destroyed, 71% to hit)
You shoot an arrow. The arrow barely misses the necrophage.
The necrophage closely misses you.
Shoot: a) +1 shortbow (flame)
Press: ? - help, Q - select action, (/) - cycle Shift-Dir - straight line, f/p - necrophage
Aim: a necrophage (almost destroyed, 71% to hit)
You shoot an arrow. The arrow hits the necrophage!
The arrow burns the necrophage.
You destroy the necrophage!
You now have 1297 gold pieces (gained 11).
Things that are here:
a +0 hand axe; a +0 plate armour Unknown command.
Magic restored.
HP restored.
Done exploring.
Done exploring.
Done exploring.
There is a stone staircase leading down here.
You climb downwards.
Level annotation: Joseph Joseph shoots a sling bullet.
The sling bullet hits you!!
There is a stone staircase leading up, spattered with blood here.
You shoot an arrow.
The arrow hits Joseph but does no damage.
Joseph shoots a sling bullet.
The sling bullet hits you!!
* * * LOW HITPOINT WARNING * * *
Joseph shoots a sling bullet.
The sling bullet hits you!
You die...
Your body crumbles into a pile of gold.

##.......)........#..#.
#....................#.
#...........##...##.##.
##.......##.#.....#.#..
##.......##D........##.
#............. ##..>.
#........(..## #....
##............# ......#
#......@...@.##....#.#..
.................. #####
#..........#..... .
#..........###..
##.......### #......###
$ ##....### ##.......#
#........##


You could see Joseph and a steam dragon.

Vanquished Creatures
  2 orc knights (Bailey)
  Maggie (D:7)
  A wyvern (D:8)
  Menkaure (D:5)
  4 orc warriors
  2 black bears
  2 sky beasts
  An ice beast (D:8)
  An ogre (D:4)
  A centaur (D:7)
  2 necrophages (D:7)
  A gnoll sergeant (D:7)
  A howler monkey (D:7)
  A gnoll shaman (D:7)
  5 iguanas
  An orc wizard (D:7)
  14 gnolls
  6 adders
  A shadow imp (D:7)
  A white imp (D:7)
  3 dart slugs
  4 worms
  11 orcs
  6 ball pythons
  4 endoplasms
  5 giant cockroaches
  8 goblins
  11 hobgoblins
  4 jackals
  16 kobolds
  3 quokkas
  6 bats
  8 rats
138 creatures vanquished.

Vanquished Creatures (others)
  2 hobgoblins (Bailey)
  A kobold (Bailey)
3 creatures vanquished.

Grand Total: 141 creatures vanquished

Notes
Turn   | Place    | Note
-------+----------+-------------------------------------------
     0 | D:1      | PentaManta the Spriggan Hunter began the quest for the Orb.
     0 | D:1      | Reached XP level 1. HP: 10/10 MP: 2/2
   166 | D:1      | Reached skill level 5 in Bows
   390 | D:1      | Reached XP level 2. HP: 14/14 MP: 3/3
  1121 | D:2      | Reached skill level 6 in Bows
  1269 | D:2      | Reached XP level 3. HP: 17/18 MP: 4/4
  1804 | D:2      | Reached XP level 4. HP: 22/22 MP: 5/5
  1951 | D:3      | Reached skill level 7 in Bows
  1962 | D:3      | Noticed a black bear
  2257 | D:3      | Killed a black bear
  2258 | D:3      | Reached skill level 8 in Bows
  2258 | D:3      | Reached XP level 5. HP: 25/25 MP: 6/6
  2511 | D:3      | Found a sparkling altar of Nemelex Xobeh.
  2511 | D:3      | Found a transporter.
  2512 | D:3      | Noticed an ogre
  2746 | D:3      | Identified the +3 spear of Discomfort {antimagic, Fly rF+
                  | Int+4}
  3417 | D:4      | Found a hazy altar of Hepliaklqana.
  3649 | D:4      | Noticed an ogre
  3651 | D:4      | HP: 1/25 [ogre/+0 giant club (24)]
  3661 | D:4      | Killed an ogre
  3662 | D:4      | Reached skill level 9 in Bows
  3662 | D:4      | Reached XP level 6. HP: 2/30 MP: 7/7
  4058 | D:4      | Found a staircase to the Ecumenical Temple.
  4262 | Temple   | Entered the Ecumenical Temple
  4522 | Temple   | Became a worshipper of Gozag Ym Sagoz the Greedy
  4563 | D:5      | Entered Level 5 of the Dungeon
  4724 | D:5      | Found a snail-covered altar of Cheibriados.
  4754 | D:5      | Noticed Menkaure
  4762 | D:5      | Killed Menkaure
  4763 | D:5      | Reached skill level 10 in Bows
  5080 | D:5      | Reached XP level 7. HP: 33/33 MP: 8/8
  5148 | D:5      | Found a sacrificial altar of Ru.
  5830 | D:6      | You fall into a shaft and drop 3 floors!
  5833 | D:8      | Noticed Joseph
  5833 | D:8      | Noticed a steam dragon
  5922 | D:8      | Noticed a wyvern
  5955 | D:8      | Killed a wyvern
  5980 | D:8      | Reached skill level 11 in Bows
  6113 | D:7      | Found Qeedekko's Self-Improvement Boutique.
  6168 | D:7      | Reached XP level 8. HP: 31/37 MP: 7/9
  6184 | D:7      | Reached skill level 5 in Dodging
  6215 | D:7      | Found a flagged portal.
  6224 | Bailey   | Entered a bailey
  6279 | Bailey   | Noticed an orc knight
  6306 | Bailey   | Noticed an orc knight
  6308 | Bailey   | Identified the +1 robe of Mirth {Fly rPois}
  6368 | Bailey   | Killed an orc knight
  6369 | Bailey   | Reached skill level 12 in Bows
  6531 | Bailey   | Killed an orc knight
  6532 | Bailey   | Reached skill level 13 in Bows
  6532 | Bailey   | Reached XP level 9. HP: 38/41 MP: 10/10
  6801 | D:7      | Noticed Maggie
  6815 | D:7      | Killed Maggie
  6911 | D:7      | Reached skill level 14 in Bows
  7131 | D:7      | Found a shimmering blue altar of Sif Muna.
  7310 | D:7      | Found a radiant altar of Vehumet.
  7678 | D:8      | Shot with a sling bullet by Joseph

Illustrated notes

Levels and vault maps discovered:
D:1:      eino_arrival_cavern_d, layout_loops_corners
D:2:      minmay_razor_zed, layout_rooms, dk_vineyard_3, minmay_3d_cube
D:3:      layout_loops_corners, grunt_nemelex_the_gamble,
          minmay_misc_feat_cross, dk_noncrumbling_3,
          minmay_randomly_rotated_circles
D:4:      minmay_inner_zag, layout_rooms, nicolae_overflow_crystal_walls,
          temple_hall
D:5:      layout_loops_corners, cheibriados_altar_1, nicolae_ru_path_of_blood,
          uniq_menkaure
D:6:      layout_basic, tso_oasis_becter
D:7:      layout_basic, lemuel_coloured_pillars_altar,
          mainiacjoe_overflow_cross_hatched, enter_bailey_1,
          nicolae_shop_self_help, uniq_maggie
D:8:      layout_cave_pools, grunt_dithmenos_smoke_and_mirrors, uniq_erica,
          uniq_joseph
D:9:      layout_cave_pods, dpeg_lair_monsters
Temple:   compressed_dpeg_triangle_lava_temple

Skill      XL: |  1  2  3  4  5  6  7  8  9 |
---------------+----------------------------+-----
Bows           | 5 6 8 9 10 11 13 14 | 14.5
Dodging        | 4 7 8 |  8.8
Fighting       | |  1.5
Stealth        | |  1.5

Action                   |  1- 3 |  4- 6 |  7- 9 || total
-------------------------+-------+-------+-------++-------
 Fire: Shortbow          |    95 |   117 |   241 ||   453
Evoke: Wand              |       |       |     5 ||     5
  Use: Scroll            |       |       |    13 ||    13
Armor: Robe              |     1 |     2 |     2 ||     5
       Steam dragon scal |       |       |     3 ||     3
Dodge: Dodged            |    23 |    18 |    67 ||   108

Table legend: (Time is in decaauts)
 A = Elapsed time spent in this place.
 B = Non-inter-level travel time spent in this place.
 C = Inter-level travel time spent in this place.
 D = Time resting spent in this place.
 E = Time spent auto-exploring this place.
 F = Levels seen in this place.
 G = Mean time per level.
                   A        B        C        D        E       F      G
               +--------+--------+--------+--------+--------+-----+--------+
         Total |   5382 |   5106 |    276 |    413 |   3496 |  11 |  489.3 |
       Dungeon |   4798 |   4527 |    271 |    386 |   3226 |   9 |  533.1 |
        Temple |    162 |    158 |      4 |      0 |    141 |   1 |  162.0 |
        Bailey |    420 |    420 |      0 |     27 |    129 |   1 |  420.0 |
               +--------+--------+--------+--------+--------+-----+--------+

Top non-repeatable levels by time:
     D:3: 935 daAuts
     D:4: 766 daAuts
     D:7: 758 daAuts
     D:5: 713 daAuts
     D:2: 712 daAuts
     D:1: 598 daAuts
  Bailey: 420 daAuts
  Temple: 162 daAuts
     D:8: 146 daAuts
     D:6: 135 daAuts
     D:9: 32 daAuts
